 Dungeon Crawl Stone Soup version 0.29.0-13-gc9e81de378 (webtiles) character file.

Game seed: 16095655714888806078

10802 groovy9 the Grappler (level 11, -4/163 HPs)
             Began as a Troll Berserker on Sept 8, 2022.
             Was an Elder of Trog.
             Slain by an orc knight
             ... wielding a +6 scimitar
              (40 damage)
             ... on level 1 of the Orcish Mines.
             The game lasted 00:42:17 (9478 turns).

groovy9 the Grappler (Troll Berserker)              Turns: 9478, Time: 00:42:18

Health: -4/163     AC:  5    Str: 29    XL:     11   Next: 41%
Magic:  10/10      EV: 10    Int:  5    God:    Trog [****..]
Gold:   521        SH:  0    Dex: 15    Spells: 10/10 levels left

rFire   . . .      SeeInvis .     - Unarmed
rCold   . . .      Faith    .   G - orb {light}
rNeg    . . .      Spirit   .   k - +1 robe of Okovoarr {*Slow +Blink Slay+2 Archmagi}
rPois   .          Reflect  .   (helmet restricted)
rElec   .          Harm     .   (no cloak)
rCorr   .          Rampage  .   (gloves unavailable)
Will    +....      Archmagi +   (boots unavailable)
Stlth   ..........              B - amulet of Vitality {RegenMP++ Regen++}
HPRegen 2.77/turn               y - ring of willpower
MPRegen 0.92/turn               u - +6 ring of dexterity

@: berserking (expiring), glowing, very quick
A: large, unfitting armour, claws 3, regeneration 1, shaggy fur 1, tough skin 1
a: Renounce Religion, Evoke Blink, Berserk, Trog's Hand, Brothers in Arms


You were on level 1 of the Orcish Mines.
You worshipped Trog.
Trog was greatly pleased with you.
You visited 4 branches of the dungeon, and saw 12 of its levels.

You collected 976 gold pieces.
You spent 455 gold pieces at shops.

Inventory:

Hand Weapons
 a - the +9 long sword of Wautsat {vorpal, *Corrode Str+6 SInv}
   (You found it on level 7 of the Dungeon)

   It inflicts extra damage upon your enemies.
   Str:       It affects your strength (+6).
   SInv:      It lets you see invisible.
   *Corrode:  It may corrode you when you take damage.
 x - a +4 morningstar
Missiles
 b - 15 boomerangs (quivered)
 h - 6 throwing nets
 K - 3 large rocks
Armour
 k - the +1 robe of Okovoarr (worn) {*Slow +Blink Slay+2 Archmagi}
   (You acquired it on level 3 of the Dungeon)

   Slay:      It affects your accuracy & damage with ranged weapons and melee
   (+2).
   +Blink:    It lets you blink.
   *Slow:     It may slow you when you take damage.
   Archmagi:  It increases the power of your magical spells.
 G - an orb of light (worn)
Jewellery
 f - an amulet of reflection
 i - an amulet of faith
 j - a ring of resist corrosion
 m - a ring of fire
 n - a ring of ice
 o - a ring of fire
 u - a +6 ring of dexterity (right claw)
 y - a ring of willpower (left claw)
 B - the amulet of Vitality (around neck) {RegenMP++ Regen++}
   (You found it on level 8 of the Dungeon)

   [amulet of magic regeneration]

   It increases your rate of magic regeneration.
   Regen:     It increases your rate of health regeneration.
 F - an amulet of magic regeneration
Wands
 d - a wand of polymorph (4)
 r - a wand of roots (8)
 s - a wand of paralysis (10)
Scrolls
 c - 2 scrolls of torment
 q - a scroll of poison
 A - 3 scrolls of identify
 C - a scroll of immolation
 E - a scroll of enchant armour
 J - a scroll of teleportation
Potions
 e - 2 potions of brilliance
 g - 2 potions of flight
 l - a potion of mutation
 p - a potion of curing
 t - a potion of attraction
 v - a potion of invisibility
 w - 2 potions of might
 z - 2 potions of heal wounds
 D - a potion of haste
Miscellaneous
 H - a phantom mirror
 I - a tin of tremorstones (2/2)


   Skills:
 - Level 7.4 Fighting
 - Level 2.4 Dodging
 - Level 13.8 Unarmed Combat
 + Level 6.7 Evocations


You had 10 spell levels left.
You didn't know any spells.
Your spell library was empty.

Dungeon Overview and Level Annotations

Branches:
Dungeon (9/15)             Temple (1/1) D:5            Lair (1/5) D:8
    Orc (1/2) D:9

Altars:
Fedhas
Gozag
Makhleb
Nemelex Xobeh
Sif Muna
Trog
Uskayaw
Wu Jian
The Shining One

Shops:
D:3 *   D:7 *   D:9 [

Annotations:
Orc:1 3 runed translucent doors, 2 transporters, groovy9's ghost, journeyman TrBe


Innate Abilities, Weirdness & Mutations

You are too large for most types of armour.
You have claws for hands.
Your natural rate of healing is unusually fast.
You are covered in fur. (AC +1)
You have tough skin. (AC +1)


Message History

You scratch the orc knight.
The orc knight is almost dead.
The orc knight hits you with a +4 scimitar!!
The orc knight roars a battlecry!
The orc knight goes into a battle-frenzy!
You mangle the orc knight!!
You kill the orc knight!
Trog accepts your kill.
You scratch the orc knight.
The orc knight is lightly wounded.
The orc knight misses you.
You scratch the orc knight.
The orc knight is lightly wounded.
You claw the orc knight!
The orc knight is moderately wounded.
The orc knight closely misses you.
You completely miss the orc knight.
The orc knight is lightly wounded.
You closely miss the orc knight.
The orc knight is lightly wounded.
The orc knight hits you with a +6 scimitar!!
You mangle the orc knight!!
The orc knight is heavily wounded.
You claw the orc knight!
The orc knight is heavily wounded.
You scratch the orc knight but do no damage.
The orc knight is heavily wounded.
The orc knight closely misses you.
You claw the orc knight!
The orc knight is severely wounded.
You barely miss the orc knight.
The orc knight is severely wounded.
The orc knight hits you with a +6 scimitar!!
* * * LOW HITPOINT WARNING * * *
You claw the orc knight!
The orc knight is almost dead.
You scratch the orc knight.
The orc knight is almost dead.
The orc knight hits you with a +6 scimitar!!!
You die...

###########
#.........################
##.#######................##
#..#♣♣♣♣ #88#####88######..#####
..##$$.. ####...####...###..##.##
.8#$$$♣. ##.....##.....##8.#....
.©#©.$_. #©.o♣.@#©...)©#©_......
.8#$$$♣. ##...o)##...))##8......
..##$$.. ####...####...###.......
#..#♣♣♣♣ #88#####88######..#.....
##.#######................###...#
#.........#################...#.
########### ###.... ##.#.).. ###
#..)....


You could see an orc knight (strong).

Vanquished Creatures
  Harold (Orc:1)
  Amaemon (D:8)
  An orc knight (Orc:1)
  An ugly thing (D:9)
  A cyclops (Orc:1)
  The ghost of ebering the Stinger, a novice OpCA of Ignis (D:5)
  An orange demon (D:8)
  Grinder (D:5)
  Sigmund (D:2)
  A wraith (D:9)
  5 yaks (D:9)
  4 wargs
  An acid dragon (D:9)
  The ghost of howech the Stinger, an amateur GrVM (D:3)
  9 orc warriors
  3 black bears
  2 sky beasts
  3 centaurs
  An ice beast (D:7)
  2 ogres
  2 phantoms
  Blork the orc (D:5)
  2 bullfrogs
  2 necrophages (D:5)
  A gnoll sergeant (D:9)
  A scorpion (D:6)
  23 wights
  6 killer bees (D:9)
  4 howler monkeys
  3 quasits (D:5)
  3 jellies
  3 hounds
  14 orc priests
  2 gnoll boudas
  Jessica (D:3)
  5 iguanas
  Natasha (thrice) (D:2)
  16 orc wizards
  A scorpion simulacrum (D:3)
  20 gnolls
  6 adders
  2 hound simulacra (D:3)
  4 white imps
  3 ufetubi
  2 worms
  A dart slug (D:1)
  An adder simulacrum (D:3)
  60 orcs
  7 ball pythons
  8 bats
  8 endoplasms
  2 giant cockroaches
  6 goblins
  2 hobgoblins
  3 jackals (D:1)
  8 kobolds
  3 quokkas
  A ball python simulacrum (D:3)
  6 frilled lizards
  2 rats (D:1)
289 creatures vanquished.

Vanquished Creatures (others)
  2 bushes (D:8)
  13 plants (D:8)
15 creatures vanquished.

Grand Total: 304 creatures vanquished

Notes
Turn   | Place    | Note
-------+----------+-------------------------------------------
     0 | D:1      | groovy9 the Troll Berserker began the quest for the Orb.
     0 | D:1      | Reached XP level 1. HP: 22/22 MP: 0/0
   120 | D:1      | Reached XP level 2. HP: 29/29 MP: 1/1
   255 | D:1      | Reached skill level 4 in Unarmed Combat
   291 | D:1      | Reached ** piety under Trog
   299 | D:1      | Reached XP level 3. HP: 31/36 MP: 2/2
   903 | D:2      | Noticed Natasha
   909 | D:2      | Killed Natasha
   934 | D:2      | Found a faded altar of an unknown god.
   944 | D:2      | Noticed Natasha
   955 | D:2      | Killed Natasha
   956 | D:2      | Reached skill level 5 in Unarmed Combat
   956 | D:2      | Reached XP level 4. HP: 39/44 MP: 3/3
  1139 | D:2      | Noticed Sigmund
  1150 | D:2      | Killed Sigmund
  1151 | D:2      | Reached skill level 6 in Unarmed Combat
  1151 | D:2      | Reached XP level 5. HP: 50/50 MP: 4/4
  1153 | D:2      | Reached XP level 6. HP: 59/59 MP: 5/5
  1253 | D:2      | Noticed Natasha
  1263 | D:2      | Killed Natasha
  1400 | D:2      | Reached skill level 7 in Unarmed Combat
  1506 | D:3      | Found a runed translucent gate.
  1506 | D:3      | Found a runed translucent gate.
  1506 | D:3      | Found a runed translucent gate.
  1625 | D:3      | Noticed Jessica
  1630 | D:3      | Killed Jessica
  1655 | D:3      | Found a shimmering blue altar of Sif Muna.
  1656 | D:3      | Found an ornate altar of the Wu Jian Council.
  1657 | D:3      | Found an opulent altar of Gozag.
  1657 | D:3      | Found a burning altar of Makhleb.
  1797 | D:3      | Found Fijio's Assorted Antiques.
  1803 | D:3      | Bought a ruby ring for 125 gold pieces
  2090 | D:3      | Noticed howech's ghost (amateur GrVM)
  2118 | D:3      | Killed howech's ghost
  2253 | D:3      | Identified a scroll of acquirement
  2253 | D:3      | Acquired the +1 robe of Okovoarr {*Slow +Blink Slay+2
                  | Archmagi}
  2308 | D:4      | Reached skill level 8 in Unarmed Combat
  2321 | D:4      | Reached XP level 7. HP: 64/66 MP: 6/6
  2408 | D:4      | Reached *** piety under Trog
  2737 | D:4      | You fall into a shaft and drop 2 floors!
  2808 | D:5      | Entered Level 5 of the Dungeon
  2821 | D:5      | Reached skill level 9 in Unarmed Combat
  2883 | D:5      | Found a staircase to the Ecumenical Temple.
  3029 | D:5      | Reached XP level 8. HP: 73/74 MP: 7/7
  3270 | D:5      | Noticed Blork the orc
  3278 | D:5      | Killed Blork the orc
  3279 | D:5      | Reached skill level 10 in Unarmed Combat
  3346 | D:5      | Noticed ebering's ghost (novice OpCA)
  3356 | D:5      | Found a transporter.
  3732 | D:5      | Found a transporter.
  3732 | D:5      | Noticed Grinder
  3750 | D:5      | Killed Grinder
  3751 | D:5      | Reached skill level 11 in Unarmed Combat
  3911 | D:5      | Killed ebering's ghost
  3912 | D:5      | Reached skill level 12 in Unarmed Combat
  3912 | D:5      | Reached XP level 9. HP: 80/80 MP: 8/8
  4012 | Temple   | Entered the Ecumenical Temple
  4057 | D:5      | Reached **** piety under Trog
  4788 | D:6      | Reached skill level 13 in Unarmed Combat
  5187 | D:7      | Identified the +9 long sword of Wautsat {vorpal, *Corrode
                  | Str+6 SInv}
  5293 | D:7      | Found Ymodd's General Store.
  5718 | D:7      | Bought a potion of heal wounds for 55 gold pieces
  5718 | D:7      | Bought a ring of willpower for 275 gold pieces
  5974 | D:7      | Reached skill level 1 in Evocations
  6300 | D:8      | Reached XP level 10. HP: 92/92 MP: 9/9
  6316 | D:8      | Reached ***** piety under Trog
  6318 | D:8      | Found a staircase to the Lair.
  6649 | D:8      | Found the amulet of Vitality {RegenMP++ Regen++}
  6685 | D:8      | Found a blossoming altar of Fedhas.
  6854 | D:8      | Found a bloodstained altar of Trog.
  6883 | D:8      | Noticed an orange demon
  6884 | D:8      | Noticed Amaemon
  6893 | D:8      | Killed Amaemon
  6894 | D:8      | Reached skill level 5 in Fighting
  6901 | D:8      | Killed an orange demon
  7272 | Lair:1   | Entered Level 1 of the Lair of Beasts
  7430 | D:9      | Found a hide-covered altar of Uskayaw.
  7535 | D:9      | Found a staircase to the Orcish Mines.
  7677 | D:9      | Noticed a cyan ugly thing
  7681 | D:9      | Killed a cyan ugly thing
  7939 | D:9      | Found a sparkling altar of Nemelex Xobeh.
  8072 | D:9      | Found a glowing golden altar of the Shining One.
  8236 | D:9      | Reached XP level 11. HP: 101/109 MP: 10/10
  8299 | D:9      | Found Monifris's Antique Armour Shoppe.
  8455 | D:9      | Reached skill level 5 in Evocations
  8768 | Orc:1    | Entered Level 1 of the Orcish Mines
  9058 | Orc:1    | Found a runed translucent gate.
  9059 | Orc:1    | Found a runed translucent gate.
  9060 | Orc:1    | Found a runed translucent gate.
  9061 | Orc:1    | Noticed groovy9's ghost (journeyman TrBe)
  9110 | Orc:1    | Noticed Harold
  9130 | Orc:1    | Killed Harold
  9237 | Orc:1    | Found an ornate altar of the Wu Jian Council.
  9237 | Orc:1    | Found a transporter.
  9357 | Orc:1    | Found a transporter.
  9364 | Orc:1    | Found a transporter.
  9364 | Orc:1    | Noticed an orc knight
  9365 | Orc:1    | Noticed an orc knight
  9384 | Orc:1    | Found a transporter.
  9385 | Orc:1    | Found an ornate altar of the Wu Jian Council.
  9385 | Orc:1    | Noticed an orc warlord
  9466 | Orc:1    | Killed an orc knight
  9478 | Orc:1    | Slain by an orc knight

Illustrated notes

Levels and vault maps discovered:
D:1:      wheals_arrival_shading, layout_loops_ring, hangedman_feature_mirror,
          chequers_avenue, minmay_ruptured
D:2:      layout_basic, hellmonk_ecumenical_altar_lost_god, uniq_sigmund,
          uniq_natasha
D:3:      layout_loops_ring, mainiacjoe_overflow_alcove_3, serial_shops,
          nicolae_shop_trees, gammafunk_ghost_icy, uniq_jessica
D:4:      layout_basic, minmay_misc_feat_square
D:5:      layout_loops_corners, minmay_temple_entry_proselytizer,
          gammafunk_ghost_stat_death, lemuel_old_faithful, uniq_blork_the_orc,
          uniq_grinder
D:6:      layout_basic, grunt_tough_drop
D:7:      layout_basic, serial_shops, shop
D:8:      layout_loops_corners, fedhas_altar_decomposition,
          mainiacjoe_overflow_cross_hatched, erik_lair_orcish_takeover,
          uniq_amaemon
D:9:      layout_irregular_city, nicolae_uskayaw_murder_on_the_dancefloor,
          nicolae_tso_carved_into_rock, lemuel_doored_altar, hiddenorc2_lemuel,
          serial_shops, nicolae_shop_trees, lemuel_flamethrower_2
Temple:   jpeg_temple_alley_garden
Lair:1:   layout_chaotic_city, serial_bayou_ford_a, grunt_megastairs_3
Orc:1:    dreamdust_wu_jian_sword_trials, layout_caves,
          gammafunk_ghost_necromancy, uniq_harold

Skill      XL: |  1  2  3  4  5  6  7  8  9 10 11 |
---------------+----------------------------------+-----
Unarmed Combat | 4 5 6 8 9 12 13 | 13.8
Fighting       | 3 7 |  7.4
Evocations     | 1 4 6 |  6.7
Dodging        | |  2.4

Action                   |  1- 3 |  4- 6 |  7- 9 | 10-12 || total
-------------------------+-------+-------+-------+-------++-------
Melee: Unarmed           |    95 |    72 |   253 |   255 ||   675
       Punch             |     4 |     3 |    12 |     5 ||    24
Throw: Boomerang         |       |       |     1 |       ||     1
Invok: Berserk           |       |     2 |     7 |     7 ||    16
       Trog's Hand       |       |     1 |     4 |     2 ||     7
 Abil: Evoke Blink       |       |       |     1 |       ||     1
  Use: Scroll            |     3 |     4 |     9 |     1 ||    17
       Potion            |       |     5 |     1 |       ||     6
 Stab: Sleeping          |     1 |       |     1 |       ||     2
       Distracted        |       |     1 |       |       ||     1
Armor: Animal skin       |    34 |    26 |       |       ||    60
       Robe              |       |     1 |    73 |    33 ||   107
Dodge: Dodged            |    34 |    31 |   129 |    95 ||   289
Block: Other             |     9 |    17 |     7 |       ||    33
       Reflection        |       |     1 |       |       ||     1
